 Dungeon Crawl Stone Soup version 0.30-a0-718-geaa24f58ff (webtiles) character file.

Game seed: 11992597023854049492

39100 Pooter the Severer (level 13, -4/177 HPs)
             Began as a Minotaur Berserker on Jan 25, 2023.
             Was an Elder of Trog.
             Slain by a culicivora (19 damage)
             ... on level 3 of the Lair of Beasts on Jan 26, 2023.
             The game lasted 01:10:07 (13312 turns).

Pooter the Severer (Minotaur Berserker)            Turns: 13312, Time: 01:10:08

Health: -4/177     AC: 15    Str: 22    XL:     13   Next: 67%
Magic:  12/12      EV:  7    Int:  5    God:    Trog [****..]
Gold:   457        SH:  5    Dex: 19    Spells: 12/12 levels left

rFire   . . .      SeeInvis +    a - +1 battleaxe (flame)
rCold   . . .      Faith    .    (shield currently unavailable)
rNeg    + . .      Spirit   .    f - +0 plate armour
rPois   +          Reflect  +    E - +1 hat
rElec   .          Harm     .    v - +2 ratskin cloak {*Rats rPois rN+ Str-1 Int-1 Dex+1}
rCorr   .          Rampage  .    (no gloves)
Will    .....                    (no boots) Stlth
                                 B - amulet of reflection
HPRegen 0.49/turn                g - +6 ring of dexterity
MPRegen 0.13/turn                S - ring of see invisible

@: berserking (expiring), very quick
A: horns 2, retaliatory headbutt
a: Renounce Religion, Berserk, Trog's Hand, Brothers in Arms


You were on level 3 of the Lair of Beasts.
You worshipped Trog.
Trog was greatly pleased with you.
You visited 3 branches of the dungeon, and saw 16 of its levels.

You collected 994 gold pieces.
You spent 537 gold pieces at shops.

Inventory:

Hand Weapons
 a - a +1 battleaxe of flaming (weapon)
   (You took it off a wight on level 7 of the Dungeon)
 b - a +2 arbalest of freezing
   (You bought it in a shop on level 8 of the Dungeon)
 d - a +3 dire flail of freezing
   (You took it off a wight on level 8 of the Dungeon)
 n - a +4 arbalest
   (You took it off an orc warrior on level 1 of the Orcish Mines)
 J - a +0 eveningstar
   (You found it on level 4 of the Lair of Beasts)
 K - a +3 trident
   (You took it off a wight on level 7 of the Dungeon)
Missiles
 w - 11 boomerangs (quivered)
 A - 2 throwing nets {!f}
 G - 31 poisoned darts
 Q - 106 stones
Armour
 f - a +0 plate armour (worn)
   (You found it on level 1 of the Dungeon)
 v - the +2 ratskin cloak (worn) {*Rats rPois rN+ Str-1 Int-1 Dex+1}
   (You found it on level 3 of the Dungeon)

   *Rats:     When the wearer is hurt, rats may emerge from it to assist them.
   Str:       It affects your strength (-1).
   Int:       It affects your intelligence (-1).
   Dex:       It affects your dexterity (+1).
   rPois:     It protects you from poison.
   rN:        It protects you from negative energy.
 E - a +1 hat (worn)
   (You found it on level 2 of the Lair of Beasts)
 F - a scarf of shadows
   (You found it on level 1 of the Lair of Beasts)
Jewellery
 g - a +6 ring of dexterity (left hand)
   (You found it on level 8 of the Dungeon)
 o - a ring of flight
   (You found it on level 2 of the Dungeon)
 u - an amulet of regeneration
   (You found it on level 3 of the Dungeon)
 B - an amulet of reflection (around neck)
   (You found it on level 10 of the Dungeon)
 C - a ring of fire
   (You found it on level 5 of the Dungeon)
 S - a ring of see invisible (right hand)
   (You found it on level 3 of the Dungeon)
Wands
 q - a wand of roots (8)
   (You took it off Ijyb on level 3 of the Dungeon)
Scrolls
 c - 5 scrolls of fog
 h - 2 scrolls of immolation {!r}
 i - a scroll of identify {@r1}
 j - 4 scrolls of poison {!r}
 l - a scroll of magic mapping
 m - a scroll of fear
 p - a scroll of vulnerability {!r}
 t - 5 scrolls of teleportation {@r4}
 z - 3 scrolls of noise {!r}
 M - a scroll of blinking
Potions
 e - 4 potions of might
 k - 5 potions of haste {@q3}
 r - 4 potions of mutation {!q}
 s - 6 potions of flight
 x - a potion of heal wounds {@q2}
 y - 3 potions of lignification {!q}
 D - 2 potions of attraction {!q}
 H - 5 potions of curing {@q1}
 I - 2 potions of cancellation
 L - a potion of ambrosia


   Skills:
 + Level 12.1 Fighting
 * Level 16.3 Axes
 * Level 15.4 Ranged Weapons
 - Level 2.4 Armour
 - Level 2.1 Dodging
 - Level 6.0 Stealth


You had 12 spell levels left.
You didn't know any spells.
Your spell library was empty.

Dungeon Overview and Level Annotations

Branches:
Dungeon (10/15)            Temple (0/1) D:7            Lair (4/5) D:9
  Swamp (0/4) Lair:2       Spider (0/4) Lair:3        Slime (0/5) Lair:4
    Orc (2/2) D:9
    Elf: Orc:2

Altars:
Ashenzari
Gozag
Kikubaaqudgha
Makhleb
Trog
Zin
Jiyva

Shops:
D:6 *   D:8 (

Portals:
Abyss: D:10

Annotations:
D:7 3 runed translucent doors, osoart's ghost, novice DjFE
D:8 1 runed translucent door, demibob's ghost, novice HOFi
D:9 2 transporters, sirJeffrey23's ghost, novice HOFi
D:10 2 transporters, NinjaNoafa's ghost, journeyman DjSu


Innate Abilities, Weirdness & Mutations

You have a pair of horns on your head.
You reflexively headbutt those who attack you in melee.


Message History

The jumping spider bites your hell rat.
Your hell rat dies!
Your hell rat barely misses the jumping spider.
The wolf spider hits you but does no damage.
The wolf spider bites you but does no damage.
The culicivora bites you but does no damage.
The jumping spider leaps!
The web tears apart.
You feel a strong urge to attack something.
The wolf spider hits you!
* * * LOW HITPOINT WARNING * * *
The wolf spider bites you.
* * * LOW HITPOINT WARNING * * *
The culicivora bites you.
* * * LOW HITPOINT WARNING * * *
The culicivora draws strength from your injuries!
The jumping spider leaps!
You closely miss the culicivora. You headbutt the culicivora.
You barely miss the culicivora. You hit the wolf spider.
You burn the wolf spider.
The culicivora's wounds heal themselves!
The wolf spider hits you!
* * * LOW HITPOINT WARNING * * *
The wolf spider barely misses you. The culicivora barely misses you.
You furiously retaliate!
You headbutt the culicivora! You barely miss the culicivora.
You miss the culicivora. You slash the wolf spider! You burn the wolf spider.
The culicivora is healed somewhat.
The wolf spider hits you!
* * * LOW HITPOINT WARNING * * *
The wolf spider bites you but does no damage.
The wolf spider is healed somewhat.
Your hell rat bites the culicivora!
The jumping spider leaps!
You slice the wolf spider!! You burn the wolf spider!
You headbutt the wolf spider.
You kill the wolf spider!
Trog accepts your kill.
You miss the culicivora. You slash the culicivora! You burn the culicivora!
The culicivora bites you!
* * * LOW HITPOINT WARNING * * *
The culicivora draws strength from your injuries!
The culicivora bites you but does no damage. x2
You closely miss the culicivora. You headbutt the culicivora.
You kill the culicivora!
Trog accepts your kill.
You can now call in reinforcements.
You slice the culicivora!! You burn the culicivora.
Your hell rat bites the culicivora!
Unknown command.
You barely miss the culicivora.
The jumping spider leaps!
The culicivora bites you!!
You die...

.P. #..# ##.°# #...## ##
#..°##P## #......#
###### ##.#.rs.#
####P##P## #....@†.#
##....#...# ..
##..##...# #..........
.##.
##....##..^###....PP#..
.....
##......#^.^.^#......##.
. #..##......##
.^..##........
8.#.....######
.^.^.##.......
......#...# ^^..
#.....#. . ...#......#
#^.> #.....#.
............# ##...#..


You could see a culicivora (ally target) and a friendly hell rat.

Vanquished Creatures
  4 hydras
  A catoblepas (Lair:4)
  A two-headed ogre (D:9)
  2 death yaks
  Pikel (D:7)
  2 orc knights
  A wolf spider (Lair:3)
  2 black mambas
  5 cane toads
  A torpor snail (Lair:2)
  4 komodo dragons
  2 rime drakes
  A troll (D:10)
  2 polar bears
  Prince Ribbit (Lair:2)
  A hornet (D:6)
  3 blink frogs (Lair:2)
  A culicivora (Lair:3)
  A shadow (D:10)
  3 spriggans (Lair:1)
  A basilisk (Lair:2)
  Grum (D:8)
  A steam dragon (D:6)
  18 yaks
  A warg (Orc:1)
  3 swamp worms (Lair:2)
  7 water moccasins
  16 orc warriors
  4 ice beasts (D:9)
  4 ogres
  5 wolves
  7 centaurs
  A phantom (D:5)
  2 kobold brigands
  9 bullfrogs
  2 gnoll sergeants
  3 scorpions
  9 wights
  3 killer bees (D:10)
  5 howler monkeys
  3 jellies
  3 hounds (D:5)
  Crazy Yiuf (D:7)
  10 orc priests
  3 iguanas
  Ijyb (D:3)
  Terence (D:2)
  17 orc wizards
  Natasha (thrice) (D:2)
  19 gnolls
  10 adders
  A shadow imp (D:8)
  4 white imps
  2 ufetubi
  2 dart slugs
  A worm (D:2)
  53 orcs
  8 ball pythons
  6 endoplasms
  4 giant cockroaches
  4 goblins
  5 hobgoblins
  A quokka (D:3)
  2 bats
  4 frilled lizards
  17 kobolds
  3 rats
329 creatures vanquished.

Vanquished Creatures (collateral kills)
  The ghost of Vixenk the Skirmisher, a journeyman MiHu of Gozag (Lair:2)
  A cane toad (Lair:2)
  A yak (D:10)
  A black bear (D:6)
  A centaur (D:5)
  2 wights (D:7)
  4 gnolls
  An orc (D:4)
  A kobold (D:4)
13 creatures vanquished.

Vanquished Creatures (others)
  20 fungi
  53 plants
73 creatures vanquished.

Grand Total: 415 creatures vanquished

Notes
Turn   | Place    | Note
-------+----------+-------------------------------------------
     0 | D:1      | Pooter the Minotaur Berserker began the quest for the Orb.
     0 | D:1      | Reached XP level 1. HP: 19/19 MP: 0/0
   135 | D:1      | Reached skill level 4 in Axes
   205 | D:1      | Reached XP level 2. HP: 22/27 MP: 1/1
   827 | D:2      | Reached ** piety under Trog
   924 | D:2      | Noticed Natasha
   932 | D:2      | Killed Natasha
   933 | D:2      | Reached skill level 1 in Stealth
   933 | D:2      | Reached XP level 3. HP: 33/33 MP: 2/2
  1121 | D:2      | Noticed Terence
  1126 | D:2      | Killed Terence
  1127 | D:2      | Reached skill level 5 in Axes
  1127 | D:2      | Reached XP level 4. HP: 41/41 MP: 3/3
  1131 | D:2      | Noticed Natasha
  1138 | D:2      | Killed Natasha
  1202 | D:2      | Noticed Natasha
  1210 | D:2      | Killed Natasha
  1211 | D:2      | Reached XP level 5. HP: 47/47 MP: 4/4
  1341 | D:2      | Found a faded altar of an unknown god.
  1550 | D:3      | Noticed Ijyb
  1556 | D:3      | Killed Ijyb
  1659 | D:3      | Reached skill level 6 in Axes
  1768 | D:3      | Reached skill level 5 in Fighting
  1984 | D:3      | Reached XP level 6. HP: 56/56 MP: 5/5
  2054 | D:3      | Found the +2 ratskin cloak {*Rats rPois rN+ Str-1 Int-1
                  | Dex+1}
  2561 | D:4      | Reached skill level 7 in Axes
  2789 | D:4      | Reached *** piety under Trog
  2909 | D:4      | Reached XP level 7. HP: 62/62 MP: 6/6
  3118 | D:5      | Entered Level 5 of the Dungeon
  3358 | D:5      | Reached skill level 8 in Axes
  3440 | D:5      | Reached skill level 1 in Ranged Weapons
  3468 | D:5      | Reached XP level 8. HP: 71/71 MP: 7/7
  3785 | D:6      | Found Moept's General Store.
  3793 | D:6      | Bought a potion of curing for 36 gold pieces
  3793 | D:6      | Bought a scroll of identify for 24 gold pieces
  3793 | D:6      | Bought 5 boomerangs for 120 gold pieces
  4097 | D:6      | Reached skill level 9 in Axes
  4214 | D:6      | Noticed a hornet
  4226 | D:6      | Killed a hornet
  4752 | D:7      | Found a runed translucent gate.
  4753 | D:7      | Found a runed translucent gate.
  4753 | D:7      | Found a runed translucent gate.
  4754 | D:7      | Found an opulent altar of Gozag.
  4756 | D:7      | Noticed osoart's ghost (novice DjFE)
  4756 | D:7      | Noticed a slime creature
  4757 | D:7      | Noticed a cyclops
  4792 | D:7      | Noticed a balrug
  4793 | D:7      | Found a burning altar of Makhleb.
  4797 | D:7      | Found a glowing silver altar of Zin.
  4797 | D:7      | Noticed an angel
  4932 | D:7      | Noticed Pikel
  4933 | D:7      | Found a bloodstained altar of Trog.
  4941 | D:7      | Killed Pikel
  4942 | D:7      | Reached skill level 10 in Axes
  4942 | D:7      | Reached XP level 9. HP: 79/79 MP: 8/8
  4988 | D:7      | Found a broken altar of Ashenzari.
  5113 | D:7      | Reached skill level 5 in Ranged Weapons
  5144 | D:7      | Found a staircase to the Ecumenical Temple.
  5241 | D:7      | Reached skill level 5 in Stealth
  5537 | D:7      | Found a runed translucent door.
  5538 | D:7      | Noticed Crazy Yiuf
  5665 | D:7      | Killed Crazy Yiuf
  5995 | D:8      | Found Jeokk's Hydra Hut.
  5999 | D:8      | Noticed a four-headed hydra
  6083 | D:8      | Noticed Grum
  6094 | D:8      | Killed Grum
  6325 | D:8      | Reached **** piety under Trog
  6385 | D:8      | Reached skill level 11 in Axes
  6517 | D:8      | Noticed demibob's ghost (novice HOFi)
  6517 | D:8      | Noticed a red ugly thing
  6518 | D:8      | Found a runed translucent door.
  7107 | D:9      | Reached XP level 10. HP: 63/90 MP: 9/9
  7139 | D:9      | Found a staircase to the Lair.
  7280 | D:9      | Noticed a moth of wrath
  7284 | D:9      | Noticed sirJeffrey23's ghost (novice HOFi)
  7301 | D:9      | Found a transporter.
  7302 | D:9      | Noticed a manticore
  7376 | D:8      | Bought a +2 arbalest of freezing for 261 gold pieces
  7405 | D:9      | Found a transporter.
  7426 | D:9      | Reached skill level 12 in Axes
  7635 | D:6      | Bought a potion of mutation for 96 gold pieces
  7785 | D:9      | Found a staircase to the Orcish Mines.
  7794 | Orc:1    | Entered Level 1 of the Orcish Mines
  7914 | Orc:1    | Noticed an orc knight
  7936 | D:9      | Killed an orc knight
  8249 | Orc:2    | Entered Level 2 of the Orcish Mines
  8249 | Orc:2    | Noticed an orc knight
  8332 | Orc:1    | Reached skill level 13 in Axes
  8332 | Orc:1    | Killed an orc knight
  8376 | Orc:1    | Reached XP level 11. HP: 95/99 MP: 10/10
  8517 | Orc:2    | Noticed an orc warlord
  8517 | Orc:2    | Noticed an orc high priest
  8591 | Orc:2    | Reached skill level 10 in Fighting
  8743 | D:9      | Noticed a two-headed ogre
  8746 | D:9      | Killed a two-headed ogre
  8747 | D:9      | Reached skill level 10 in Ranged Weapons
  8938 | D:10     | Entered Level 10 of the Dungeon
  9012 | D:10     | Identified the +3 ring mail "Axketso" {SInv}
  9020 | D:10     | Found a transporter.
  9052 | D:10     | Found a one-way gate to the infinite horrors of the Abyss.
  9054 | D:10     | Noticed NinjaNoafa's ghost (journeyman DjSu)
  9105 | D:10     | Found a transporter.
  9660 | Lair:1   | Entered Level 1 of the Lair of Beasts
  9667 | Lair:1   | Reached skill level 14 in Axes
 10821 | Lair:2   | Noticed a death yak
 10848 | Lair:1   | Killed a death yak
 10905 | Lair:2   | Noticed a death yak
 10917 | Lair:2   | Killed a death yak
 11058 | Lair:2   | Reached skill level 15 in Axes
 11058 | Lair:2   | Reached XP level 12. HP: 110/110 MP: 11/11
 11086 | Lair:2   | Found a large runed translucent door.
 11086 | Lair:2   | Found a large runed translucent door.
 11087 | Lair:2   | Noticed Vixenk's ghost (journeyman MiHu)
 11118 | Lair:2   | Noticed a four-headed hydra
 11122 | Lair:2   | Noticed a seven-headed hydra
 11127 | Lair:2   | Killed a two-headed hydra
 11131 | Lair:2   | Killed a three-headed hydra
 11396 | Lair:2   | Noticed Prince Ribbit
 11403 | Lair:2   | Killed Prince Ribbit
 11566 | Lair:2   | You fall into a shaft and drop 2 floors!
 11577 | Lair:4   | Noticed a seven-headed hydra
 11586 | Lair:4   | Killed a five-headed hydra
 11650 | Lair:4   | Found a viscous altar of Jiyva.
 11650 | Lair:4   | Found a staircase to the Slime Pits.
 11704 | Lair:4   | Reached XP level 13. HP: 117/117 MP: 12/12
 11734 | Lair:4   | Reached skill level 15 in Ranged Weapons
 12370 | Lair:3   | Reached skill level 16 in Axes
 12647 | Lair:2   | Found a staircase to the Swamp.
 12755 | Lair:2   | Found an ancient bone altar of Kikubaaqudgha.
 13107 | Lair:2   | Killed Vixenk's ghost
 13300 | Lair:3   | Found a hole to the Spider Nest.
 13312 | Lair:3   | Slain by a culicivora

Illustrated notes

Levels and vault maps discovered:
D:1:      sevenhm_arrival_forest_fort_small_3, layout_loops_ring
D:2:      layout_rooms, hellmonk_ecumenical_altar_inner_sanctum,
          minmay_misc_feat_rows, chequers_serial_rivers_room_b,
          minmay_misc_feat_five, uniq_natasha, uniq_terence
D:3:      layout_loops_ring, minmay_misc_feat_square, uniq_ijyb
D:4:      layout_basic, grunt_ministairs_14
D:5:      layout_basic
D:6:      layout_basic, serial_shops, nicolae_shop_competitors_out_of_business,
          chequers_hall_statues_wall_a
D:7:      layout_basic, grunt_temple_overflow_order_and_chaos_2,
          chequers_temple_overflow_statue_of_worship,
          minmay_temple_entry_statues_fountains, ebering_ghost_gozag,
          chequers_mini_garden, uniq_crazy_yiuf_cottage, uniq_pikel
D:8:      layout_cave_pods, serial_column_ruins, column_ruins_hut_ruined,
          column_ruins_courtyard_long, column_ruins_grid_2,
          column_ruins_open_tiny, column_ruins_columns_straight,
          column_ruins_columns_corner, column_ruins_grid_3, column_ruins_grid_3,
          column_ruins_corridor_straight, ebering_ghost_inner_flame,
          st_stairs_5, minmay_door_square, doesnt_shop_hydraphobe, uniq_grum
D:9:      layout_irregular_city, hellmonk_lair_entry_icy, orc_0_dummy,
          gammafunk_ghost_berserking_beasts, chequers_serial_rivers_marsh
D:10:     layout_loops_ring, gammafunk_ghost_abyssal_escape
Lair:1:   layout_regular_city, wad_woods_02, serial_bayou_shore_b,
          lemuel_fruit_fields
Lair:2:   layout_regular_city, palyth_hydra_swamp_entry, basic_altar,
          ebering_ghost_disaster_area, uniq_prince_ribbit2
Lair:3:   layout_loops_ring, spider_nest_entry_funnel_web, serial_bayou_ford_a,
          grunt_megastairs_2
Lair:4:   layout_cave_pods, dpeg_slime_entry_enclosed
Orc:1:    layout_caves
Orc:2:    grunt_orc_gardens, layout_caves, grunt_orc_garden, grunt_orc_garden,
          grunt_orc_garden, grunt_orc_garden, basic_altar

Skill      XL: |  1  2  3  4  5  6  7  8  9 10 11 12 13 |
---------------+----------------------------------------+-----
Axes           | 4 5 6 7 8 10 11 13 15 16 | 16.3
Fighting       | 4 5 6 7 8 9 11 12 | 12.1
Stealth        | 1 2 3 4 5 6 |  6.0
Ranged Weapons | 1 4 7 9 11 14 15 | 15.4
Armour         | |  2.4
Dodging        | |  2.1

Action                     |  1- 3 |  4- 6 |  7- 9 | 10-12 | 13-15 || total
---------------------------+-------+-------+-------+-------+-------++-------
  Melee: Hand axe          |    38 |   138 |    55 |       |       ||   231
         Headbutt          |     7 |    13 |    45 |    44 |    16 ||   125
         Punch             |       |     1 |       |       |       ||     1
         Spear             |       |       |    94 |       |       ||    94
         Battleaxe         |       |       |    57 |   205 |    47 ||   309
   Fire: Sling             |       |     8 |       |       |       ||     8
         Shortbow          |       |       |    55 |       |       ||    55
         Arbalest          |       |       |       |   127 |    28 ||   155
  Throw: Stone             |       |     3 |       |       |       ||     3
         Boomerang         |       |       |     3 |     2 |     3 ||     8
 Invoke: Berserk           |     2 |     4 |    10 |    15 |     2 ||    33
         Trog's Hand       |       |     3 |     5 |    14 |     1 ||    23
  Evoke: Wand              |       |     3 |     2 |     2 |       ||     7
    Use: Scroll            |     3 |     5 |     8 |    10 |     1 ||    27
         Potion            |       |       |       |     2 |       ||     2
   Stab: Distracted        |       |       |       |       |     1 ||     1
 Armour: Animal skin       |     1 |       |       |       |       ||     1
         Plate armour      |     6 |    76 |   166 |   204 |    31 ||   483
  Dodge: Dodged            |    16 |    52 |    76 |   107 |     6 ||   257
  Block: Other             |       |       |       |    17 |     6 ||    23
         Reflection        |       |       |       |     2 |       ||     2

Table legend: (Time is in decaauts)
 A = Elapsed time spent in this place.
 B = Non-inter-level travel time spent in this place.
 C = Inter-level travel time spent in this place.
 D = Time resting spent in this place.
 E = Time spent auto-exploring this place.
 F = Levels seen in this place.
 G = Mean time per level.
                   A        B        C        D        E       F      G
               +--------+--------+--------+--------+--------+-----+--------+
         Total |  13788 |  13117 |    671 |   2610 |   7855 |  16 |  861.8 |
       Dungeon |   9192 |   8649 |    543 |   1413 |   5614 |  10 |  919.2 |
          Lair |   3759 |   3713 |     46 |    877 |   2073 |   4 |  939.8 |
  Orcish Mines |    837 |    756 |     81 |    319 |    168 |   2 |  418.5 |
               +--------+--------+--------+--------+--------+-----+--------+

Top non-repeatable levels by time:
  Lair:2: 1683 daAuts
     D:7: 1435 daAuts
     D:8: 1239 daAuts
  Lair:1: 1195 daAuts
     D:9: 1047 daAuts
     D:3: 936 daAuts
     D:6: 909 daAuts
   Orc:1: 781 daAuts
     D:1: 776 daAuts
     D:4: 771 daAuts
  Lair:4: 767 daAuts
     D:2: 732 daAuts
    D:10: 719 daAuts
     D:5: 624 daAuts
  Lair:3: 112 daAuts
